 Dungeon Crawl Stone Soup version 0.28-a0-723-g095bd1b44f (webtiles) character file.

Game seed: 1144525875663163769

3727 Gwenloh the Cleaver (level 9, -25/85 HPs)
             Began as a Minotaur Gladiator on Oct 25, 2021.
             Was an Initiate of Okawaru.
             Killed from afar by a wizard (44 damage)
             ... with a fireball
             ... on level 9 of the Dungeon on Oct 26, 2021.
             The game lasted 00:28:15 (10753 turns).

Gwenloh the Cleaver (Minotaur Gladiator)           Turns: 10753, Time: 00:28:16

Health: -25/85     AC: 18    Str: 18    XL:     9   Next: 92%
Magic:  8/8        EV: 10    Int: 11    God:    Okawaru [......]
Gold:   170        SH:  0    Dex: 22    Spells: 8/8 levels left

rFire   . . .      SeeInvis .   a - +0 war axe
rCold   . . .      Faith    .   (no shield)
rNeg    . . .      Spirit   .   Q - +4 chain mail {rPois}
rPois   +          Reflect  .   c - +0 hat
rElec   .          Harm     .   H - +1 cloak {rCorr}
rCorr   +          Rampage  .   K - +0 pair of gloves
Will    .....                   l - +0 pair of boots
Stlth   ..........              (no amulet)
HPRegen 0.24/turn               i - +6 ring of intelligence
MPRegen 0.11/turn               g - +6 ring of dexterity

@: no status effects
A: horns 2, retaliatory headbutt
a: Renounce Religion


You were on level 9 of the Dungeon.
You worshipped Okawaru.
Okawaru was noncommittal.
You visited 2 branches of the dungeon, and saw 10 of its levels.

You collected 475 gold pieces.
You spent 305 gold pieces at shops.

Inventory:

Hand Weapons
 a - a +0 war axe (weapon)
 b - a +0 hunting sling
 n - a +0 trident
 u - a +0 morningstar
 G - a +0 flail of protection
 N - a +0 shortbow
Missiles
 d - 6 throwing nets
 e - 158 stones
 t - 3 datura-tipped darts
 w - 35 bolts
 E - 18 sling bullets
 F - 26 poisoned darts (quivered)
 I - a curare-tipped dart
 O - 58 arrows
Armour
 c - a +0 hat (worn)
 l - a +0 pair of boots (worn)
 s - a +0 cloak
 H - a +1 cloak of preservation (worn)
 K - a +0 pair of gloves (worn)
 Q - a +4 chain mail of poison resistance (worn)
Jewellery
 g - a +6 ring of dexterity (right hand)
 i - a +6 ring of intelligence (left hand)
 M - a ring of poison resistance
Wands
 p - a wand of iceblast (6)
 B - a wand of flame (11)
Scrolls
 j - a scroll of fog
 m - 3 scrolls of magic mapping
 q - 2 scrolls of brand weapon {unknown}
 r - 3 scrolls of teleportation
 x - a scroll of fear {unknown}
 y - a scroll of acquirement {unknown}
 C - a scroll of enchant armour {unknown}
 D - 2 scrolls of identify
 J - a scroll of amnesia {unknown}
Potions
 f - 2 potions of mutation {unknown}
 h - 2 potions of berserk rage {unknown}
 k - 3 potions of brilliance {unknown}
 o - 2 potions of curing {unknown}
 v - a potion of cancellation {unknown}
 z - 2 potions of heal wounds
 A - 2 potions of haste
 L - 2 potions of degeneration {unknown}
 P - 2 potions of attraction {unknown}


   Skills:
 + Level 10.2 Fighting
 * Level 12.8 Axes
 - Level 2.0 Throwing
 + Level 4.4 Armour
 - Level 5.0 Dodging


You had 8 spell levels left.
You didn't know any spells.
Your spell library contained the following spells:

 Spells                   Type           Power      Damage    Failure   Level
 Apportation              Tloc           0%         N/A       99%         1
 Scorch                   Fire           0%         2d5       100%        2
 Slow                     Hex            0%         N/A       100%        2
 Confusing Touch          Hex            0%         N/A       100%        3
 Flame Wave               Conj/Fire      0%         3d3       100%        4
 Alistair's Intoxication  Tmut/Pois      0%         N/A       100%        5
 Fireball                 Conj/Fire      0%         3d3       100%        5
 Yara's Violent Unravell  Hex/Tmut       0%         3d3       100%        5
 Invisibility             Hex            0%         N/A       100%        6
 Starburst                Conj/Fire      0%         6d3       100%        6
 Ignition                 Fire           0%         3d3       100%        8
 Summon Cactus Giant      Summ           Unusable   N/A       N/A         6

Dungeon Overview and Level Annotations

Branches:
Dungeon (9/15)             Temple (1/1) D:7
   Lair: D:8-11         Orc: D:9-12

Altars:
Ashenzari
Cheibriados
Dithmenos
Elyvilon
Fedhas
Gozag
Hepliaklqana
Kikubaaqudgha
Makhleb
Nemelex Xobeh
Okawaru
Qazlal
Ru
Sif Muna
Trog
Uskayaw
Vehumet
Wu Jian
Xom
Yredelemnul
Zin
The Shining One

Shops:
D:4 =   D:5 *

Annotations:
D:5 2 transporters, sn0wgr3's ghost, novice MiFi


Innate Abilities, Weirdness & Mutations

You have a pair of horns on your head.
You reflexively headbutt those who attack you in melee.


Message History

The wizard is severely wounded.
The wizard hits you but does no damage.
You slash the wizard!
You kill the wizard!
Okawaru accepts your kill.
Your Armour skill increases to level 4!
Things that are here:
a +0 dagger; a +0 robe
There is a stone staircase leading down here.
You climb downwards.
The wizard mumbles some strange words.
The wizard blinks!
There is a stone staircase leading up here.
Found 17 stones.
You see here a +1 cloak of preservation.
H - a +1 cloak of preservation You start removing your armour.
You continue taking off your +0 cloak. x3
The wizard gestures wildly while chanting.
The wizard flickers and vanishes!
Deactivating autopickup; reactivate with Ctrl-A.
You continue taking off your +0 cloak.
You finish taking off your +0 cloak.
You start putting on your armour.
You continue putting on your +1 cloak of preservation. x5
You hear some strange, mumbled words.
A fireball appears from out of thin air!
The fireball explodes!
The fireball engulfs you!!!
The fireball engulfs something!
You finish putting on your +1 cloak of preservation.
You miss something. Your headbutt misses something.
You hear some strange, mumbled words.
You hear some strange, mumbled words.
A fireball appears from out of thin air!
The fireball explodes!
The fireball engulfs you!!
* * * LOW HITPOINT WARNING * * *
You hear some strange, mumbled words.
A fireball appears from out of thin air!
The fireball explodes!
The fireball engulfs you!!!
Ouch! That really hurt!
You die...

#.........# #..# #..#
#####.........#### #..#
#..# ..................
...# #..#
................. ....
..######..####..# ..#
#..# #..## ..# #..#
#{..## .# ..######..#
##.<..####..#
..........###...@.......#
..............≈≈§.§≈≈...#
..######.....≈≈##.##≈≈..#
..# #..##.≈##...##≈...
..# #.....≈#.....# ...
..# #..#......(...≈..#
..# #..##.≈#.....#≈..#
..# #..##.≈##...##≈..#
#..##.≈≈##.## ..#


There were no monsters in sight!

Vanquished Creatures
  A wizard (D:8)
  Prince Ribbit (D:5)
  A wyvern (D:7)
  Eustachio (D:5)
  3 vampire mosquitoes (D:8)
  Menkaure (D:5)
  A water moccasin (D:6)
  A black bear (D:6)
  A hornet zombie (D:6)
  An ice beast (D:7)
  A sky beast (D:7)
  A necrophage (D:4)
  3 ogres
  A centaur (D:7)
  A phantom (D:5)
  A kobold brigand (D:6)
  3 scorpions
  3 killer bees (D:5)
  3 wights (D:7)
  2 howler monkeys (D:6)
  A centaur zombie (D:7)
  4 jellies
  A bullfrog skeleton (D:5)
  5 orc priests
  A centaur skeleton (D:7)
  An iguana (D:6)
  6 orc wizards
  A killer bee zombie (D:8)
  A hound skeleton (D:5)
  6 adders
  4 gnolls (D:5)
  2 shadow imps
  A white imp (D:8)
  An ufetubus (D:4)
  4 worms
  3 dart slugs (D:1)
  24 orcs
  12 ball pythons
  7 endoplasms
  3 giant cockroaches
  9 goblins
  4 hobgoblins
  4 jackals (D:5)
  5 quokkas
  5 bats
  A frilled lizard (D:1)
  13 kobolds
  3 rats
163 creatures vanquished.

Vanquished Creatures (others)
  3 plants (D:3)
3 creatures vanquished.

Grand Total: 166 creatures vanquished

Notes
Turn   | Place    | Note
-------+----------+-------------------------------------------
     0 | D:1      | Gwenloh the Minotaur Gladiator began the quest for the Orb.
     0 | D:1      | Reached XP level 1. HP: 18/18 MP: 0/0
    37 | D:1      | Reached skill level 4 in Axes
   258 | D:1      | Reached XP level 2. HP: 25/25 MP: 1/1
   572 | D:1      | Found a faded altar of an unknown god.
   776 | D:2      | Reached skill level 5 in Axes
   907 | D:2      | Reached XP level 3. HP: 30/30 MP: 2/2
  1391 | D:2      | Noticed a scorpion
  1970 | D:2      | Killed a scorpion
  1971 | D:2      | Reached skill level 6 in Axes
  1971 | D:2      | Reached XP level 4. HP: 37/37 MP: 3/3
  2332 | D:2      | Reached XP level 5. HP: 18/44 MP: 4/4
  2528 | D:3      | Reached skill level 7 in Axes
  3343 | D:3      | Reached XP level 6. HP: 52/52 MP: 5/5
  3966 | D:4      | Reached skill level 8 in Axes
  4128 | D:4      | Found Gyggategg's Jewellery Shop.
  4589 | D:4      | Reached skill level 5 in Fighting
  4947 | D:4      | Reached XP level 7. HP: 56/61 MP: 6/6
  5089 | D:5      | Entered Level 5 of the Dungeon
  5624 | D:5      | Found Cealoki's General Store.
  5633 | D:5      | Bought a scroll of identify for 20 gold pieces
  5669 | D:5      | Reached skill level 9 in Axes
  5697 | D:5      | Found a transporter.
  5734 | D:5      | Noticed sn0wgr3's ghost (novice MiFi)
  5869 | D:5      | Found a transporter.
  5970 | D:5      | Noticed Eustachio
  6004 | D:5      | Killed Eustachio
  6005 | D:5      | Reached XP level 8. HP: 45/73 MP: 7/7
  6213 | D:5      | Noticed Prince Ribbit
  6234 | D:5      | Killed Prince Ribbit
  6235 | D:5      | Reached skill level 10 in Axes
  6481 | D:5      | Noticed Menkaure
  6499 | D:5      | Killed Menkaure
  6907 | D:6      | Reached skill level 11 in Axes
  7245 | D:6      | Reached skill level 1 in Armour
  7245 | D:6      | Reached XP level 9. HP: 66/83 MP: 8/8
  8203 | D:7      | Found a staircase to the Ecumenical Temple.
  8218 | Temple   | Entered the Ecumenical Temple
  8438 | Temple   | Became a worshipper of Warmaster Okawaru
  9041 | D:7      | Found a sacrificial altar of Ru.
  9647 | D:5      | Bought a +4 chain mail of poison resistance for 285 gold
                  | pieces
  9792 | D:8      | Reached skill level 12 in Axes
 10080 | D:8      | Reached skill level 10 in Fighting
 10646 | D:9      | Reached skill level 5 in Dodging
 10719 | D:9      | Noticed a wizard
 10719 | D:9      | Noticed a wizard
 10728 | D:8      | Killed a wizard
 10753 | D:9      | Killed from afar by a wizard

Illustrated notes

Levels and vault maps discovered:
D:1:      minmay_arrival_four_houses, layout_rooms,
          chequers_ecumenical_altar_island, columned_hall_lemuel,
          minmay_pentomino_r2
D:2:      minmay_general_purpose_star, layout_basic, minmay_quantized
D:3:      cheibrodos_old_hovel, layout_rooms, skrybe_limestone_x,
          kennysheep_generic_room_14
D:4:      layout_basic, serial_shops, shop
D:5:      layout_basic, gammafunk_ghost_mausoleum, serial_shops,
          nicolae_shop_waterfront, uniq_eustachio, uniq_prince_ribbit1,
          uniq_menkaure
D:6:      layout_rooms, minmay_misc_feat_enclosed
D:7:      layout_layer_cave, mainiacjoe_overflow_alcove_2,
          minmay_temple_entry_sparse_star
D:8:      layout_gridville
D:9:      cheibrodos_wizards_tower, layout_small_grid
Temple:   kilobyte_greek_temple

Skill      XL: |  1  2  3  4  5  6  7  8  9 |
---------------+----------------------------+-----
Axes           | 4 5 6 7 8 9 11 12 | 12.8
Fighting       | 3 5 7 9 10 | 10.2
Armour         | 1 4 |  4.4
Dodging        | 5 |  5.0
Throwing       | |  2.0

Action                   |  1- 3 |  4- 6 |  7- 9 || total
-------------------------+-------+-------+-------++-------
Melee: War axe           |    38 |    58 |   173 ||   269
       Headbutt          |     5 |    13 |    30 ||    48
 Fire: Hunting sling     |    41 |   106 |   115 ||   262
Throw: Stone             |    34 |       |       ||    34
       Dart              |     1 |     4 |    14 ||    19
Evoke: Wand              |       |       |    14 ||    14
  Use: Scroll            |       |     4 |     4 ||     8
       Potion            |       |       |     2 ||     2
Armor: Leather armour    |    12 |    27 |     3 ||    42
       Ring mail         |       |       |    44 ||    44
       Chain mail        |       |       |    26 ||    26
Dodge: Dodged            |    28 |    63 |   119 ||   210

Table legend: (Time is in decaauts)
 A = Elapsed time spent in this place.
 B = Non-inter-level travel time spent in this place.
 C = Inter-level travel time spent in this place.
 D = Time resting spent in this place.
 E = Time spent auto-exploring this place.
 F = Levels seen in this place.
 G = Mean time per level.
                   A        B        C        D        E       F      G
               +--------+--------+--------+--------+--------+-----+--------+
         Total |  10760 |  10195 |    565 |   1168 |   7372 |  10 | 1076.0 |
       Dungeon |  10499 |   9973 |    526 |   1168 |   7166 |   9 | 1166.6 |
        Temple |    260 |    221 |     39 |      0 |    206 |   1 |  260.0 |
               +--------+--------+--------+--------+--------+-----+--------+

Top non-repeatable levels by time:
     D:2: 1714 daAuts
     D:4: 1685 daAuts
     D:5: 1486 daAuts
     D:7: 1333 daAuts
     D:6: 1255 daAuts
     D:3: 1251 daAuts
     D:8: 877 daAuts
     D:1: 752 daAuts
  Temple: 260 daAuts
     D:9: 142 daAuts
